 Dungeon Crawl Stone Soup version 0.24.0-125-gc4c63601f3 (webtiles) character file.

Game seed: 12103747608093244472, levelgen mode: deterministic

49 Peloso the Skirmisher (level 3, 0/33 HPs)
             Began as a Minotaur Fighter on Feb 26, 2020.
             Slain by Sigmund
             ... wielding a +0 scythe
              (4 damage)
             ... on level 2 of the Dungeon.
             The game lasted 00:01:33 (783 turns).

Peloso the Skirmisher (Minotaur Fighter)             Turns: 783, Time: 00:01:35

Health: 0/33       AC:  9    Str: 20    XL:     3   Next: 51%
Magic:  2/2        EV:  5    Int:  5    God:
Gold:   111        SH:  9    Dex: 10    Spells: 2/2 levels left

rFire    . . .     SeeInvis .   a - +0 long sword
rCold    . . .     Gourm    .   c - +0 shield
rNeg     . . .     Faith    .   i - +0 chain mail
rPois    .         Spirit   .   (helmet restricted)
rElec    .         Reflect  .   (no cloak)
rCorr    .         Harm     .   (no gloves)
MR       .....                  (no boots)
Stlth    ..........             (no amulet)
HPRegen  0.11/turn              (no ring)
MPRegen  0.08/turn              (no ring)

@: no status effects
A: retaliatory headbutt, horns 2
a: no special abilities


You were on level 2 of the Dungeon.
You were not hungry.

You visited 1 branch of the dungeon, and saw 2 of its levels.

You collected 111 gold pieces.

Inventory:

Hand Weapons
 a - a +0 long sword (weapon)
Armour
 b - a +0 scale mail
 c - a +0 shield (worn)
 i - a +0 chain mail (worn)
Jewellery
 j - an uncursed amulet of the gourmand {unknown}
Scrolls
 e - a scroll of fear {unknown}
 g - a scroll of magic mapping {unknown}
 h - 4 scrolls of teleportation {unknown}
Potions
 d - a potion of might
Comestibles
 f - 3 rations


   Skills:
 + Level 4.1 Fighting
 + Level 3.2 Long Blades
 + Level 4.0 Armour
 + Level 0.8 Dodging
 + Level 4.1 Shields


You had 2 spell levels left.
You didn't know any spells.
Your spell library was empty.

Dungeon Overview and Level Annotations

Branches:
Dungeon (2/15)

Altars:
Vehumet

Annotations:
D:2 Sigmund


Innate Abilities, Weirdness & Mutations

You reflexively headbutt those who attack you in melee.
You have a pair of horns on your head.


Message History

You hit something.
You hear some strange, mumbled words.
A puff of flame appears from out of thin air!
The puff of flame hits you.
You hit something. Something hits you but does no damage.
You closely miss something. Something hits you but does no damage.
You miss something.
You hear some strange, mumbled words.
A puff of flame appears from out of thin air!
The puff of flame misses you.
A giant cockroach comes into view.
You closely miss something. You headbutt something. Something hits you.
You miss something. Something hits you.
You miss something. Your headbutt misses something.
You hear some strange, mumbled words.
A puff of flame appears from out of thin air!
The puff of flame hits you!
* * * LOW HITPOINT WARNING * * *
Something hits you.
You die...

##### ### #...# ... ...#
###.## #..# #.....##..#
.......#..#
......$#.s######
..._..)..r.@†..#
.......#.#####.###########
.......#....<.†...((.....#
#.....##.###.#.#########.#
###.## #.##..#.# #.# ...
..##.##.# #.# ### ..##.
#.# #.# (.+.> #.# #†# ##
#.# #.#


You could see a giant cockroach and a rat.

Vanquished Creatures
  A gnoll (D:1)
  An adder (D:2)
  A giant cockroach (D:1)
  5 goblins
  7 hobgoblins
  5 kobolds
  3 bats (D:1)
  3 frilled lizards
  2 rats (D:1)
28 creatures vanquished.

Notes
Turn   | Place    | Note
-------+----------+-------------------------------------------
     0 | D:1      | Peloso the Minotaur Fighter began the quest for the Orb.
     0 | D:1      | Reached XP level 1. HP: 19/19 MP: 0/0
   142 | D:1      | Reached XP level 2. HP: 16/27 MP: 1/1
   257 | D:1      | Reached XP level 3. HP: 24/33 MP: 2/2
   756 | D:2      | Found a radiant altar of Vehumet.
   757 | D:2      | Noticed Sigmund
   783 | D:2      | Slain by Sigmund

Levels and vault maps discovered:
D:1:      dpeg_arrival_erosion, layout_loops_ring, minmay_pentomino_s4
D:2:      layout_basic, old_standard_altar, uniq_sigmund

Skill      XL: |  1  2  3 |
---------------+----------+-----
Fighting       | 4 |  4.1
Long Blades    | 3 |  3.2
Shields        | 4 |  4.1
Armour         | 4 |  4.0
Dodging        | |  0.8

Action                   || total
-------------------------++-------
Melee: Long sword        ||    67
       Headbutt          ||    12
Armor: Scale mail        ||    21
       Chain mail        ||    19
Dodge: Dodged            ||    28
Block: Shield            ||    40
       Rpst.: Long sword ||     4
